 Dungeon Crawl Stone Soup version 0.22-a0-162-g33bf127 (webtiles) character file.

575802 MatthieuS the Acrobat (level 27, -2/184 HPs)
             Began as a Tengu Gladiator on Feb 11, 2018.
             Was the Champion of Makhleb.
             Slain by a storm dragon (16 damage)
             ... on level 2 of the Realm of Zot on Feb 12, 2018.
             The game lasted 04:07:04 (59519 turns).

MatthieuS the Acrobat (Tengu Gladiator)            Turns: 59519, Time: 04:07:05

Health: -2/184     AC: 31    Str: 27    XL:     27
Magic:  34/34      EV: 23    Int: 10    God:    Makhleb [******]
Gold:   2983       SH:  0    Dex: 17    Spells: 26/26 levels left

rFire    + + .     SeeInvis +   a - +9 demon whip (elec)
rCold    + + .     Gourm    .   (no shield)
rNeg     + + .     Faith    .   r - +0 gold dragon scales
rPois    +         Spirit   .   S - +2 hat {MR+}
rElec    +         Reflect  .   b - +1 cloak "Binewafa" {rElec rC+ MR+}
rCorr    +         Harm     .   t - +0 pair of gloves
MR       +++++                  (boots unavailable)
Stlth    ..........             R - amulet of regeneration
HPRegen  0.80/turn              s - ring of see invisible
MPRegen  0.24/turn              z - ring "Edwoes" {rCorr rF+ rN++}

@: lethally poisoned (-2 -> -3), flying quickly and evasively, very slightly
contaminated, invisible, quick
A: beak, talons 3, magic resistance 1, shaggy fur 1, strong 1, able to fly 2
}: 3/15 runes: decaying, silver, gossamer
a: Stop Flying, Minor Destruction, Lesser Servant of Makhleb, Major Destruction,
Greater Servant of Makhleb, Renounce Religion


You were on level 2 of the Realm of Zot.
You worshipped Makhleb.
Makhleb was exalted by your worship.
You were not hungry.

You visited 10 branches of the dungeon, and saw 48 of its levels.
You visited 1 bazaar.
You also visited: Sewer, Ice Cave, Volcano and Wizlab.

You collected 7670 gold pieces.
You spent 4687 gold pieces at shops.

Inventory:

Hand Weapons
 a - a +9 demon whip of electrocution (weapon)
 q - a +5 demon whip of venom
 w - the +8 storm bow {elec}
   (You bought it in a shop on level 13 of the Dungeon)

   It charges the ammunition it shoots with electricity; occasionally upon a
   hit, such missiles may discharge and cause terrible harm.
Missiles
 d - 6 throwing nets (quivered)
 E - 1163 arrows
Armour
 b - the +1 cloak "Binewafa" (worn) {rElec rC+ MR+}
   (You acquired it on level 1 of the Swamp)

   It protects you from cold.
   It insulates you from electricity.
   It affects your resistance to hostile enchantments.
 n - a +1 buckler of reflection
 r - +0 gold dragon scales (worn)
 t - a +0 pair of gloves (worn)
 I - the +6 faerie dragon scales {rElec rCorr Clar}
   (You took it off the Enchantress on level 2 of the Depths)

   It insulates you from electricity.
   It protects you against confusion.
   It protects you from acid and corrosion.
 S - a +2 hat of magic resistance (worn)
Jewellery
 s - a ring of see invisible (left hand)
 x - an uncursed ring of protection from fire
 y - the ring "Jaexutat" {MR+ AC+3 Str+4}
   (You bought it in a shop in a bazaar)

   [ring of protection]

   It affects your AC (+3).
   It affects your strength (+4).
   It affects your resistance to hostile enchantments.
 z - the ring "Edwoes" (right hand) {rCorr rF+ rN++}
   (You bought it in a shop in a bazaar)

   [ring of resist corrosion]

   It protects you from fire.
   It greatly protects you from negative energy.
 R - an amulet of regeneration (around neck)
Wands
 e - a wand of acid (30)
 l - a wand of disintegration (28)
 p - a wand of digging (29)
 A - a wand of flame (128)
 G - a wand of paralysis (17)
 N - a wand of iceblast (67)
Scrolls
 c - a scroll of brand weapon
 g - 5 scrolls of fog
 h - 4 scrolls of summoning
 j - 9 scrolls of immolation
 m - 27 scrolls of remove curse
 u - 12 scrolls of identify
 v - 16 scrolls of teleportation
 O - 3 scrolls of magic mapping
 P - 6 scrolls of fear
 Q - 2 scrolls of blinking
 V - 4 scrolls of silence
Potions
 i - 4 potions of berserk rage
 o - 16 potions of curing
 B - a potion of cancellation
 C - 2 potions of magic
 D - 2 potions of heal wounds
 F - a potion of haste
 H - 3 potions of resistance
 J - 2 potions of might
 K - 2 potions of agility
 M - 5 potions of ambrosia
 T - 3 potions of invisibility
 W - 17 potions of mutation
Comestibles
 f - 55 rations
 k - 5 chunks of flesh


   Skills:
 + Level 21.7 Fighting
 - Level 14.3(15.5) Maces & Flails
   Level 10.8(13.9) Staves
 - Level 20.0 Bows
 - Level 2.0 Throwing
 + Level 20.8 Armour
 + Level 23.0 Dodging
 - Level 4.0 Shields
 - Level 14.0 Invocations


You had 26 spell levels left.
You didn't know any spells.

Dungeon Overview and Level Annotations

Branches:
Dungeon (15/15)            Temple (0/1) D:4            Lair (6/6) D:10
  Swamp (4/4) Lair:4       Spider (4/4) Lair:2        Slime (0/5) Lair:5
    Orc (2/2) D:12            Elf (3/3) Orc:2        Vaults (5/5) D:14
  Crypt (1/3) Vaults:2     Depths (5/5) D:15            Zot (3/5) Depths:5

Altars:
Cheibriados
Fedhas
Gozag
Hepliaklqana
Kikubaaqudgha
Xom
Yredelemnul

Shops:
D:13 }(?}[   D:14 [(   D:15 }   Orc:1 }   Orc:2 *%(:*   Elf:2 %   Vaults:2 !
Depths:1 =   Depths:4 }   Depths:5 !

Portals:
Hell: Depths:1 Depths:2 Depths:3 Depths:4 Depths:5
Abyss: Depths:1 Depths:4
Pandemonium: Orc:2 Depths:3 Depths:5
Ziggurat: Depths:5

Annotations:
Lair:2 exclusion: oklob plant


Innate Abilities, Weirdness & Mutations

You have a beak for a mouth.
You have claws for feet.
You can fly continuously.
You are resistant to hostile enchantments. (MR+)
You are covered in fur. (AC +1)
Your muscles are strong. (Str +2)


Message History

Wisps of shadow whirl around you...
You feel sick.
The storm dragon bites you but does no damage.
The storm dragon claws you!
* * * LOW HITPOINT WARNING * * *
The storm dragon misses you. The storm dragon completely misses you.
The storm dragon misses you. The storm dragon tramples you.
* * * LOW HITPOINT WARNING * * *
You hold your ground!
The storm dragon misses you. The storm dragon completely misses you.
The storm dragon tramples you but does no damage.
The storm dragon barely misses you. x2; The storm dragon closely misses you.
You feel much better.
You feel sick. The storm dragon closely misses you.
The storm dragon completely misses you. The storm dragon closely misses you.
The storm dragon bites you!!
* * * LOW HITPOINT WARNING * * *
The storm dragon claws you but does no damage.
The storm dragon tramples you but does no damage.
The moth of wrath goads the white draconian on!
The white draconian goes berserk!
The storm dragon bites you!
You die...

.## ..##
###...#
.......####
..........###
............###
#......=.....#
#..XD## #..dD@#
##.X..# #..y.d#
#....y##
.......#
........#
........#
.......


You could see 2 storm dragons, a white draconian (berserk), a moth of wrath, 2
friendly tentacled monstrosities, a friendly white draconian and a friendly moth
of wrath.

Vanquished Creatures
  An ancient lich (Vaults:5)
  Mara (Swamp:3)
  A juggernaut (Depths:3)
  Boris (Depths:4)
  the Lernaean hydra (Swamp:4)
  The ghost of Vectris71 the Conqueror, an adept MiBe of Trog (Depths:4)
  5 golden dragons
  A mutant beast (WizLab)
  the Enchantress (Depths:2)
  Arachne (Spider:2)
  7 liches
  An electric golem (Zot:1)
  Rupert (Lair:3)
  3 titans
  5 tentacled monstrosities
  A deep elf blademaster (Elf:2)
  A deep elf master archer (Elf:3)
  3 quicksilver dragons
  4 death cobs
  4 sphinxes
  Gastronok (Lair:3)
  Kirke (Lair:5)
  8 tengu reavers
  5 storm dragons
  10 shadow dragons
  Donald (Swamp:4)
  3 deep elf sorcerers
  2 draconian knights (Depths:5)
  13 fire giants
  9 frost giants
  An orc warlord (Vaults:3)
  The ghost of LasiaceMobile the Party-goer, a journeyman DsGl of Uskayaw (Spider:2)
  An iron dragon (Depths:2)
  21 vault wardens
  A draconian scorcher (Zot:3)
  3 emperor scorpions
  4 ghost moths
  A draconian shifter (Zot:3)
  4 deep elf elementalists
  17 ironheart preservers
  3 draconian stormcallers
  48 very ugly things
  4 spriggan defenders
  3 war gargoyles (Vaults:5)
  2 draconian annihilators
  An entropy weaver (Vaults:3)
  19 stone giants
  5 vampire knights
  Nessos (D:13)
  8 deep elf annihilators
  4 deep elf demonologists
  4 green draconians
  A spark wasp (shapeshifter) (Vaults:3)
  7 black draconians
  10 yellow draconians
  A dire elephant (Lair:6)
  5 red draconians
  4 white draconians
  Azrael (Elf:1)
  5 purple draconians
  5 deep elf death magi
  18 spark wasps
  Snorg (Lair:3)
  11 ettins
  2 merfolk javelineers
  A blizzard demon (Depths:5)
  9 fire dragons
  8 great orbs of eyes
  29 vault guards
  11 ogre magi
  8 ice dragons
  5 rakshasas
  2 deep elf high priests
  Fannar (Lair:2)
  17 yaktaur captains
  Harold (Lair:3)
  5 spriggan air magi
  15 hydras
  6 alligators
  30 two-headed ogres
  8 centaur warriors
  A merfolk avatar (Lair:6)
  2 death knights
  25 dancing weapons
  3 death yaks (Depths:4)
  7 deep troll earth magi
  11 tengu warriors
  9 deep troll shamans
  A vampire mage (Depths:3)
  2 shock serpents (shapeshifter)
  8 spriggan berserkers
  Sonja (D:14)
  3 soul eaters
  27 deep elf knights
  8 orc high priests (Orc:2)
  An iron golem (WizLab)
  13 hell knights (Depths:3)
  The ghost of b5mith the Carver, a novice MiFi (D:9)
  4 iron trolls
  3 shadow wraiths
  11 skeletal warriors
  An unseen horror (shapeshifter) (WizLab)
  10 wizards
  2 flayed ghosts
  50 deep trolls
  2 glowing orange brains
  A sea snake (shapeshifter) (WizLab)
  An infernal demonspawn (Orc:2)
  8 deep elf archers
  2 unseen horrors
  2 spriggan druids (Swamp:4)
  An orange crystal statue (D:10)
  A gelid demonspawn (Orc:2)
  A torturous demonspawn (Orc:2)
  8 swamp dragons
  The ghost of clarjon1 the Chopper, a novice HOFi of Nemelex Xobeh (D:6)
  Pikel (D:6)
  23 ironbrand convokers
  16 orc knights
  3 phantasmal warriors
  A wolf spider zombie (D:15)
  5 harpies (Vaults:2)
  4 necromancers
  An anaconda skeleton (Volcano)
  27 orb spiders
  A wolf spider (shapeshifter) (Vaults:3)
  52 deep elf magi
  66 ugly things
  An oklob plant (Lair:3)
  7 orc sorcerers
  25 wolf spiders
  A manticore (shapeshifter) (WizLab)
  A faun (shapeshifter) (WizLab)
  23 cyclopes
  2 manticores
  3 centaur zombies
  A salamander (shapeshifter) (WizLab)
  9 elephants
  7 moths of wrath
  2 black mambas
  5 gargoyles
  A guardian serpent (shapeshifter) (WizLab)
  16 vault sentinels
  An ice statue (IceCv)
  3 spiny frogs (shapeshifter)
  A naga mage (Vaults:1)
  2 water nymphs (shapeshifter)
  12 spiny frogs
  Psyche (D:8)
  An orange demon (Orc:2)
  2 black mambas (shapeshifter) (WizLab)
  8 rime drakes
  A rime drake (shapeshifter) (Depths:2)
  A komodo dragon (shapeshifter) (WizLab)
  14 freezing wraiths
  2 torpor snails (Spider:4)
  52 yaktaurs
  A hellwing (Orc:2)
  A kobold demonologist (Depths:4)
  12 demonic crawlers
  4 tengu conjurers
  3 guardian mummies (Crypt:1)
  A red devil (Depths:5)
  11 komodo dragons
  5 trolls
  33 jumping spiders
  A troll (shapeshifter) (WizLab)
  2 wind drakes (Lair:6)
  A polar bear (shapeshifter) (WizLab)
  25 hornets
  A polar bear (Lair:6)
  Grinder (Sewer)
  3 tyrant leeches
  The ghost of Caerwyn the Covered, an amateur GnWn of Hepliaklqana (D:5)
  A merfolk (shapeshifter) (Vaults:5)
  A queen bee (shapeshifter) (WizLab)
  24 blink frogs
  A raiju (shapeshifter) (Depths:2)
  A snapping turtle (shapeshifter) (Depths:1)
  25 slime creatures
  A harpy skeleton (Volcano)
  18 hippogriffs
  6 bog bodies
  A dream sheep (shapeshifter) (WizLab)
  2 hippogriffs (shapeshifter) (WizLab)
  7 large abominations (WizLab)
  4 flying skulls
  4 air elementals
  A redback (shapeshifter) (WizLab)
  16 water elementals
  40 redbacks
  12 spriggans
  A tarantella (shapeshifter) (WizLab)
  10 wyverns
  3 yaks (shapeshifter)
  3 shadows
  5 fire elementals
  18 tarantellas
  9 wraiths
  Grum (D:8)
  A vampire (D:11)
  2 ynoxinuls
  46 yaks
  A hog (shapeshifter) (Vaults:1)
  2 golden eyes (shapeshifter)
  2 humans (D:14)
  A human (shapeshifter) (WizLab)
  12 basilisks
  Menkaure (D:5)
  3 hogs (Lair:5)
  2 steam dragons
  17 vampire mosquitoes
  2 hungry ghosts
  7 wargs
  3 soldier ants
  17 swamp worms
  An acid dragon (Vaults:1)
  13 insubstantial wisps
  10 water moccasins
  2 hell hounds
  A floating eye (shapeshifter) (Vaults:4)
  7 porcupines
  7 swamp drakes
  5 floating eyes
  43 orc warriors
  10 ice beasts
  5 sky beasts
  A slave (D:6)
  A black bear (D:10)
  2 black bears (shapeshifter)
  3 phantoms
  An alligator simulacrum (IceCv)
  2 eyes of draining (shapeshifter) (WizLab)
  15 wolves
  2 necrophages
  8 small abominations
  19 boggarts
  An eye of draining (D:12)
  A wolf (shapeshifter) (Depths:3)
  36 centaurs
  18 ogres
  5 big kobolds
  13 crocodiles
  13 bullfrogs
  A wyvern zombie (D:10)
  An earth elemental (Elf:2)
  2 wyvern skeletons
  5 scorpions
  12 killer bees
  A spriggan skeleton (Volcano)
  An elephant simulacrum (IceCv)
  4 howler monkeys
  A vampire bat (Vaults:1)
  3 wights (D:11)
  7 electric eels
  9 crimson imps
  A bullfrog zombie (D:13)
  A quasit (Sewer)
  3 draconian simulacra (IceCv)
  9 hounds
  2 jellies
  A bullfrog skeleton (D:7)
  4 centaur skeletons
  31 orc priests
  2 human skeletons (Crypt:1)
  16 worker ants
  22 orc wizards
  5 troll simulacra (IceCv)
  2 wolf simulacra (IceCv)
  3 centaur simulacra (IceCv)
  2 naga skeletons (Volcano)
  A hound zombie (D:5)
  A hound skeleton (D:9)
  5 mummies (Crypt:1)
  A worker ant zombie (D:11)
  7 gnolls
  15 adders
  3 naga simulacra (IceCv)
  6 ogre simulacra (IceCv)
  6 shadow imps
  12 white imps (IceCv)
  6 ufetubi (Sewer)
  5 oozes
  3 adder zombies
  An adder skeleton (D:6)
  4 worms
  3 dart slugs
  3 leopard geckos
  95 orcs
  14 bats
  A bat zombie (Sewer)
  8 giant cockroaches
  8 goblins
  8 hobgoblins
  6 jackals
  20 kobolds
  5 quokkas
  3 ball pythons
  A ball python skeleton (D:5)
  5 frilled lizards
  A kobold zombie (Sewer)
  A quokka skeleton (D:4)
  18 rats
  2 bushes (Lair:3)
  2 fungi
  5 plants
2238 creatures vanquished.

Vanquished Creatures (collateral kills)
  The ghost of Robby the Metallomancer, a veteran GrEE of Cheibriados (Depths:2)
  A deep elf blademaster (Elf:3)
  A deep elf master archer (Elf:3)
  The ghost of Oroborous the Warrior, an adept DrNe of Kikubaaqudgha (Spider:2)
  A storm dragon (Zot:3)
  A ghost moth (Spider:2)
  An emperor scorpion (Spider:4)
  A stone giant (Depths:2)
  A very ugly thing (Depths:4)
  A stone giant (shapeshifter) (Vaults:2)
  2 deep elf demonologists (Elf:3)
  2 deep elf annihilators (Elf:3)
  2 deep elf death magi (Elf:3)
  4 deep elf high priests (Elf:3)
  2 hydras
  3 rakshasas
  A spriggan air mage (Depths:2)
  A death knight (Vaults:2)
  2 centaur warriors
  A spriggan berserker (Depths:2)
  A deep troll (Vaults:2)
  3 swamp dragons (Swamp:4)
  A moth of wrath (Zot:3)
  3 hornets
  3 blink frogs (Lair:6)
  A spriggan (Depths:2)
  A hog (Vaults:1)
  A swamp worm (Swamp:4)
  An ice beast (Vaults:1)
  An orc warrior (Vaults:3)
  An ogre (Vaults:3)
  4 orcs (Vaults:3)
51 creatures vanquished.

Vanquished Creatures (others)
  A lich (Vaults:5)
  A ghost moth (Spider:4)
  A two-headed ogre (Vaults:5)
  2 deep elf magi (Elf:1)
  A wolf spider (Spider:2)
  A flying skull (Volcano)
  A yak (Lair:6)
  2 slaves (D:6)
  An ogre (Vaults:5)
  A swamp drake (Swamp:4)
  A centaur (D:9)
  A kobold zombie (Sewer)
  8 fungi
  70 plants
  8 toadstools (Lair:2)
100 creatures vanquished.

Grand Total: 2389 creatures vanquished

Notes
Turn   | Place    | Note
-------+----------+-------------------------------------------
     0 | D:1      | MatthieuS the Tengu Gladiator began the quest for the Orb.
     0 | D:1      | Reached XP level 1. HP: 12/12 MP: 2/2
    41 | D:1      | Reached XP level 2. HP: 15/17 MP: 3/3
   168 | D:1      | Reached skill level 1 in Armour
   310 | D:1      | Reached XP level 3. HP: 15/21 MP: 4/4
  1175 | D:2      | Reached XP level 4. HP: 27/27 MP: 5/5
  1228 | D:2      | Found a hazy altar of Hepliaklqana.
  1756 | D:3      | Gained mutation: You can fly. [Tengu growth]
  1756 | D:3      | Reached XP level 5. HP: 32/32 MP: 6/6
  1801 | D:3      | Reached skill level 4 in Dodging
  2039 | D:3      | Found a glowing drain.
  2070 | D:3      | Reached skill level 5 in Staves
  2093 | Sewer    | Entered a sewer
  2410 | Sewer    | Reached XP level 6. HP: 37/37 MP: 7/7
  2485 | Sewer    | Found a burning altar of Makhleb.
  2502 | Sewer    | Became a worshipper of Makhleb the Destroyer
  2507 | Sewer    | Noticed Grinder
  2517 | Sewer    | Paralysed by Grinder for 6 turns
  2532 | Sewer    | Killed Grinder
  2532 | Sewer    | Reached XP level 7. HP: 33/42 MP: 8/8
  2606 | Sewer    | Reached skill level 5 in Dodging
  3022 | D:4      | Found a staircase to the Ecumenical Temple.
  3087 | D:4      | Reached XP level 8. HP: 48/48 MP: 9/9
  3225 | D:4      | Reached * piety under Makhleb
  3297 | D:4      | Found a snail-covered altar of Cheibriados.
  3730 | D:5      | Entered Level 5 of the Dungeon
  4020 | D:5      | Noticed Caerwyn's ghost (amateur GnWn)
  4022 | D:5      | Gained mutation: You are resistant to hostile enchantments. (MR+) [potion of mutation]
  4022 | D:5      | Gained mutation: Your spells are a little harder to cast, but a little more powerful. [potion of mutation]
  4037 | D:5      | Killed Caerwyn's ghost
  4037 | D:5      | Reached skill level 5 in Fighting
  4037 | D:5      | Reached skill level 6 in Dodging
  4155 | D:5      | Reached skill level 5 in Armour
  4341 | D:6      | Noticed Pikel
  4343 | D:6      | Reached XP level 9. HP: 44/54 MP: 10/10
  4347 | D:6      | Noticed clarjon1's ghost (novice HOFi)
  4352 | D:6      | Killed Pikel
  4358 | D:6      | Killed clarjon1's ghost
  4358 | D:6      | Reached skill level 7 in Dodging
  4363 | D:6      | Noticed Menkaure
  4376 | D:5      | Killed Menkaure
  4738 | D:6      | Reached ** piety under Makhleb
  4749 | D:6      | Found a snail-covered altar of Cheibriados.
  5172 | D:7      | Reached skill level 10 in Staves
  5177 | D:7      | Reached XP level 10. HP: 37/61 MP: 11/11
  5179 | D:7      | Reached skill level 1 in Invocations
  5375 | D:7      | Noticed a two-headed ogre
  5386 | D:7      | Killed a two-headed ogre
  5780 | D:7      | HP: 4/91 [orc warrior/glaive (13)]
  6185 | D:7      | Reached skill level 1 in Bows
  6401 | D:7      | Reached skill level 8 in Dodging
  6915 | D:8      | Noticed Psyche
  6923 | D:8      | Killed Psyche
  7269 | D:8      | Noticed Grum
  7285 | D:8      | Killed Grum
  8078 | D:9      | Reached *** piety under Makhleb
  8083 | D:9      | Reached skill level 1 in Maces & Flails
  8286 | D:9      | Noticed a two-headed ogre
  8297 | D:9      | Killed a two-headed ogre
  8297 | D:9      | Reached skill level 5 in Maces & Flails
  8297 | D:9      | Reached XP level 11. HP: 64/67 MP: 13/13
  8338 | D:9      | Noticed b5mith's ghost (novice MiFi)
  8350 | D:9      | Killed b5mith's ghost
  8796 | D:10     | Entered Level 10 of the Dungeon
  9649 | D:10     | Noticed an orange crystal statue
  9905 | D:10     | Noticed a two-headed ogre
 10084 | D:10     | Reached **** piety under Makhleb
 10223 | D:10     | Noticed a tengu warrior
 10233 | D:10     | Killed a tengu warrior
 10320 | D:10     | Reached skill level 10 in Maces & Flails
 10397 | D:10     | Found a staircase to the Lair.
 10743 | Lair:1   | Entered Level 1 of the Lair of Beasts
 10906 | Lair:1   | Reached XP level 12. HP: 59/72 MP: 13/15
 11517 | Lair:2   | Noticed Fannar
 11536 | Lair:2   | Killed Fannar
 11536 | Lair:2   | Reached skill level 9 in Dodging
 11643 | Lair:2   | Found a frozen archway.
 11748 | IceCv    | Entered an ice cave
 11776 | IceCv    | Reached ***** piety under Makhleb
 12008 | IceCv    | Found an ancient bone altar of Kikubaaqudgha.
 12040 | IceCv    | Reached skill level 5 in Bows
 12287 | IceCv    | Identified Denos's Collected Works on the Glacier
 12415 | Lair:2   | Found a blossoming altar of Fedhas.
 12700 | Lair:2   | Found a hole to the Spider Nest.
 13210 | Lair:3   | Noticed Harold
 13234 | Lair:3   | Killed Harold
 13234 | Lair:3   | Reached XP level 13. HP: 80/80 MP: 17/17
 13315 | Lair:3   | Noticed Snorg
 13329 | Lair:3   | Noticed Rupert
 13349 | Lair:3   | Reached skill level 10 in Dodging
 13550 | Lair:3   | Noticed a fire dragon
 13577 | Lair:3   | Killed a fire dragon
 13617 | Lair:3   | Killed Snorg
 14150 | Lair:3   | Noticed Gastronok
 14183 | Lair:3   | Killed Gastronok
 14183 | Lair:3   | Reached skill level 10 in Armour
 14361 | Lair:3   | Killed Rupert
 14874 | Lair:4   | Found a staircase to the Swamp.
 15049 | Lair:4   | Found a dark tunnel.
 15056 | Volcano  | Entered a volcano
 15186 | Volcano  | Reached skill level 10 in Fighting
 15186 | Volcano  | Reached skill level 11 in Dodging
 16273 | Lair:5   | Found a staircase to the Slime Pits.
 16303 | Lair:5   | Got an ancient scale mail
 16316 | Lair:5   | Identified the +6 scale mail "Cedghual" {rC+ Dex-4 SInv} (You found it on level 5 of the Lair of Beasts)
 16574 | Lair:5   | Gained mutation: You can fly continuously. [Tengu growth]
 16574 | Lair:5   | Reached XP level 14. HP: 67/88 MP: 18/18
 16931 | Lair:5   | Reached ****** piety under Makhleb
 17039 | Lair:5   | Noticed Kirke
 17062 | Lair:5   | Killed Kirke
 17062 | Lair:5   | Reached skill level 12 in Dodging
 17330 | Lair:6   | Entered Level 6 of the Lair of Beasts
 17537 | Lair:6   | Noticed a dire elephant
 17551 | Lair:6   | Killed a dire elephant
 17721 | Lair:6   | Paralysed by a hornet for 3 turns
 18297 | Lair:6   | Got a polished arbalest
 18349 | Lair:6   | Identified the +7 arbalest "Waypokk" {elec, Str+2} (You found it on level 6 of the Lair of Beasts)
 18529 | Lair:6   | Identified a scroll of acquirement
 18782 | Lair:6   | Reached XP level 15. HP: 96/96 MP: 19/19
 19883 | D:12     | Reached skill level 13 in Dodging
 19896 | D:12     | Found a staircase to the Orcish Mines.
 20033 | D:12     | Noticed a tengu reaver
 20053 | D:12     | Killed a tengu reaver
 20345 | D:12     | Found a shimmering altar of Xom.
 20563 | D:12     | Noticed a tengu reaver
 20580 | D:12     | Killed a tengu reaver
 20632 | D:12     | Noticed a storm dragon
 20895 | Orc:1    | Entered Level 1 of the Orcish Mines
 21019 | Orc:1    | Found Puodghyn's Gadget Emporium.
 21399 | Orc:2    | Entered Level 2 of the Orcish Mines
 21600 | Orc:2    | Found a staircase to the Elven Halls.
 21604 | Orc:2    | Found Riewitao's Assorted Antiques.
 21619 | Orc:2    | Bought a faintly humming chain mail for 256 gold pieces
 21630 | Orc:2    | Identified the +2 chain mail of the Land of Plenty {rElec} (You bought it in a shop on level 2 of the Orcish Mines)
 21761 | Orc:2    | Found Kiokoint's General Store.
 21764 | Orc:2    | Found Rishrola's Food Shoppe.
 21868 | Orc:2    | Bought a scroll of enchant armour for 112 gold pieces
 22421 | Orc:2    | Reached skill level 5 in Invocations
 22739 | Orc:2    | Reached XP level 16. HP: 104/104 MP: 21/21
 22765 | Orc:2    | Found Berhuuc's Book Boutique.
 22765 | Orc:2    | Found a one-way gate leading to the halls of Pandemonium.
 22765 | Orc:2    | Found Vuiza's Antique Weapon Shop.
 23039 | Orc:2    | Bought 2 scrolls of identify for 108 gold pieces
 23039 | Orc:2    | Bought a scroll of identify for 54 gold pieces
 23501 | D:13     | Found Libynoge's Gadget Shoppe.
 23551 | D:13     | Found Josh's Armour Boutique.
 23566 | D:13     | Bought a +1 plate armour of poison resistance for 384 gold pieces
 23615 | D:13     | Noticed Nessos
 23635 | D:13     | Killed Nessos
 23780 | D:13     | Reached skill level 1 in Shields
 23920 | D:13     | Found Efapp's Magic Scroll Boutique.
 23929 | D:13     | Reached skill level 14 in Dodging
 23960 | D:13     | Bought a scroll of teleportation for 39 gold pieces
 23960 | D:13     | Bought a scroll of fear for 45 gold pieces
 23960 | D:13     | Bought a scroll of blinking for 97 gold pieces
 23960 | D:13     | Bought a scroll of teleportation for 39 gold pieces
 23984 | D:13     | Found Lysipn's Weapon Emporium.
 24016 | D:13     | Bought the +8 storm bow {elec} for 931 gold pieces
 24016 | D:13     | Found the +8 storm bow {elec}
 24133 | D:13     | Found Siashrof's Gadget Shoppe.
 24924 | D:14     | Found Urgholl's Antique Weapon Shoppe.
 25172 | D:14     | Found an opulent altar of Gozag.
 25354 | D:14     | Noticed Sonja
 25355 | D:14     | Killed Sonja
 25574 | D:14     | Found a gate to the Vaults.
 25852 | D:14     | Found Zeihick's Armour Boutique.
 25917 | D:15     | Entered Level 15 of the Dungeon
 26081 | D:15     | Found a staircase to the Depths.
 26327 | D:15     | Found Naaronymm's Gadget Boutique.
 27041 | Swamp:1  | Entered Level 1 of the Swamp
 27046 | Swamp:1  | Got a heavily runed cloak
 27057 | Swamp:1  | Identified the +1 cloak "Binewafa" {rElec rC+ MR+} (You acquired it on level 1 of the Swamp)
 27339 | Swamp:1  | Reached skill level 10 in Bows
 28068 | Swamp:2  | Reached XP level 17. HP: 111/111 MP: 23/23
 28086 | Swamp:2  | Found an opulent altar of Gozag.
 28456 | Swamp:3  | Noticed Mara
 28505 | Swamp:3  | Noticed MatthieuS's illusion
 28507 | Swamp:3  | Killed Mara
 28908 | Swamp:4  | Entered Level 4 of the Swamp
 29013 | Swamp:4  | Noticed the 27-headed Lernaean hydra
 29107 | Swamp:4  | Reached skill level 15 in Dodging
 29514 | Swamp:4  | Killed the 27-headed Lernaean hydra
 29550 | Swamp:4  | Noticed Donald
 29604 | Swamp:4  | Killed Donald
 29739 | Swamp:4  | Got a decaying rune of Zot
 30263 | Spider:1 | Entered Level 1 of the Spider Nest
 30577 | Spider:1 | Got a pair of brightly glowing gloves
 30588 | Spider:1 | Identified the +0 pair of gloves of Veiklit {Int+4} (You found it on level 1 of the Spider Nest)
 30659 | Spider:1 | Identified the cursed +0 chain mail "Heudu" {rElec} (You found it on level 1 of the Spider Nest)
 31214 | Spider:2 | Reached XP level 18. HP: 117/117 MP: 25/25
 31322 | Spider:2 | Noticed Arachne
 32063 | Spider:2 | Noticed LasiaceMobile's ghost (journeyman DsGl)
 32094 | Spider:2 | Killed LasiaceMobile's ghost
 32258 | Spider:2 | Killed Arachne
 32389 | Spider:2 | Noticed Oroborous's ghost (adept DrNe)
 32425 | Spider:2 | Killed Oroborous's ghost
 32597 | Spider:3 | Reached skill level 15 in Fighting
 33524 | Spider:4 | Entered Level 4 of the Spider Nest
 33551 | Spider:4 | Got a shimmering arbalest
 33552 | Spider:4 | Identified the cursed +1 arbalest of Guilt {elec, Str+4} (You found it on level 4 of the Spider Nest)
 33699 | Spider:4 | Reached skill level 16 in Dodging
 34419 | Spider:4 | Paralysed by a hornet for 2 turns
 34432 | Spider:4 | Got a gossamer rune of Zot
 34691 | D:10     | Identified the Volume of Ensnaring Stones
 34894 | Vaults:1 | Entered Level 1 of the Vaults
 35144 | Vaults:1 | Found a flickering gateway to a bazaar.
 35158 | Bazaar   | Entered a bazaar
 35162 | Bazaar   | Found Gaploota's Jewellery Boutique.
 35180 | Bazaar   | Found Kameawae's Antique Weapon Emporium.
 35197 | Bazaar   | Found Setz's Armour Boutique.
 35214 | Bazaar   | Found Eptaappo's Distillery.
 35242 | Bazaar   | Bought the ring "Jaexutat" {MR+ AC+3 Str+4} for 378 gold pieces
 35242 | Bazaar   | Bought the ring "Edwoes" {rCorr rF+ rN++} for 400 gold pieces
 35258 | Bazaar   | Bought a potion of curing for 36 gold pieces
 35258 | Bazaar   | Bought a potion of might for 48 gold pieces
 35258 | Bazaar   | Bought a potion of heal wounds for 60 gold pieces
 35258 | Bazaar   | Bought a potion of agility for 48 gold pieces
 35258 | Bazaar   | Bought 2 potions of resistance for 240 gold pieces
 35397 | Vaults:1 | Reached XP level 19. HP: 124/124 MP: 26/26
 36319 | Vaults:1 | Identified the Tome of Shape Shifting
 36429 | Vaults:1 | Got a scintillating iron ring
 36431 | Vaults:1 | Identified the ring "Suarghed" {rC+ MP+9 Str+2 Slay+2} (You found it on level 1 of the Vaults)
 36822 | Vaults:2 | Found Dozache's Distillery.
 36982 | Vaults:2 | Bought a potion of berserk rage for 70 gold pieces
 36982 | Vaults:2 | Bought a potion of berserk rage for 70 gold pieces
 36982 | Vaults:2 | Bought 2 potions of invisibility for 224 gold pieces
 37093 | Vaults:2 | Reached skill level 17 in Dodging
 37207 | Vaults:2 | Noticed a lich
 37226 | Vaults:2 | Killed a lich
 37530 | Vaults:2 | Found a staircase to the Crypt.
 37530 | Vaults:2 | Found an ancient bone altar of Kikubaaqudgha.
 37530 | Vaults:2 | Found a basalt altar of Yredelemnul.
 37671 | Vaults:2 | Reached skill level 15 in Bows
 38072 | Vaults:2 | Reached XP level 20. HP: 132/132 MP: 27/27
 38082 | Vaults:2 | Noticed a juggernaut
 38099 | Vaults:2 | Noticed a golden dragon
 38099 | Vaults:2 | a juggernaut changed into a golden dragon
 38100 | Vaults:2 | a golden dragon changed into a stone giant
 38108 | Vaults:2 | Gained mutation: Your body sometimes deteriorates upon taking damage. [a neqoxec]
 39942 | D:12     | Upgraded the game from 0.22-a0-161-g198051c to 0.22-a0-162-g33bf127
 40720 | Vaults:4 | Reached skill level 18 in Dodging
 40743 | Vaults:4 | Lost mutation: Your body sometimes deteriorates upon taking damage. [potion of mutation]
 40743 | Vaults:4 | Lost mutation: Your spells are a little harder to cast, but a little more powerful. [potion of mutation]
 40743 | Vaults:4 | Gained mutation: You are covered in fur. (AC +1) [potion of mutation]
 40743 | Vaults:4 | Gained mutation: Your muscles are strong. (Str +2) [potion of mutation]
 41437 | Vaults:4 | Reached XP level 21. HP: 130/139 MP: 29/29
 41731 | Vaults:5 | Entered Level 5 of the Vaults
 41748 | Vaults:5 | Reached skill level 15 in Armour
 41760 | Vaults:5 | Reached skill level 10 in Invocations
 42320 | Vaults:5 | Noticed a golden dragon
 42555 | Vaults:5 | Noticed an ancient lich
 42980 | Elf:1    | Entered Level 1 of the Elven Halls
 43055 | Elf:1    | Noticed Azrael
 43094 | Elf:1    | Killed Azrael
 43512 | Elf:1    | Reached skill level 19 in Dodging
 44316 | Elf:2    | Found a runed gate.
 44316 | Elf:2    | Found a runed gate.
 44316 | Elf:2    | Found a runed gate.
 44524 | Elf:2    | Reached XP level 22. HP: 147/147 MP: 31/31
 44551 | Elf:2    | Found Muynioz's Food Shoppe.
 45254 | Elf:3    | Entered Level 3 of the Elven Halls
 45341 | Elf:3    | Identified the +9 ring mail of the Tick {Regen+ rCorr Str+3 Stlth+} (You found it on level 3 of the Elven Halls)
 45395 | Elf:3    | Found a magical portal.
 45398 | WizLab   | Entered Cigotuvi's Fleshworks
 45660 | WizLab   | Paralysed by a floating eye for 3 turns
 45669 | WizLab   | Paralysed by a floating eye for 2 turns
 45695 | WizLab   | Got a shimmering copper ring
 45707 | WizLab   | Identified the ring of Poicsig {MR+ Dex+4} (You found it in a wizard's laboratory)
 45793 | WizLab   | Identified Wonuer's Reference Book on Changing
 45796 | WizLab   | Identified Cigotuvi's Volume of Twisted Transformation
 46670 | Elf:3    | Identified the cursed +0 pair of boots of Zucvaur {rPois Str+3 Int-3} (You found it on level 3 of the Elven Halls)
 47149 | Elf:3    | Got a coiled amber ring
 47154 | Elf:3    | Got a warped cloak
 47161 | Elf:3    | Identified the +4 hand axe "Doitzyn" {chop, +Blink} (You found it on level 3 of the Elven Halls)
 47166 | Elf:3    | Identified the +3 cloak of Ymaapu {rN+ Int+4 Dex+4 Stlth+} (You found it on level 3 of the Elven Halls)
 47168 | Elf:3    | Identified the ring "Xommoma" {Wiz Str+4} (You found it on level 3 of the Elven Halls)
 47836 | Depths:1 | Entered Level 1 of the Depths
 48079 | Depths:1 | Reached XP level 23. HP: 153/153 MP: 32/32
 48231 | Depths:1 | Found Puatular's Jewellery Shop.
 48234 | Depths:1 | Bought the ring of the Median {rPois rC+ Stlth+} for 606 gold pieces
 48409 | Depths:1 | You are sucked into a shaft!
 48435 | Depths:2 | Noticed Robby's ghost (veteran GrEE)
 48507 | Depths:2 | Killed Robby's ghost
 48748 | Depths:1 | Found a one-way gate to the infinite horrors of the Abyss.
 48881 | Depths:1 | Found a gateway to Hell.
 49112 | Depths:2 | Noticed the Enchantress
 49282 | Depths:2 | Killed the Enchantress
 49282 | Depths:2 | Reached skill level 20 in Dodging
 49284 | Depths:2 | Got faerie dragon scales
 49340 | Depths:2 | Identified the +6 faerie dragon scales {rElec rCorr Clar} (You took it off the Enchantress on level 2 of the Depths)
 50725 | Depths:3 | Reached XP level 24. HP: 160/160 MP: 33/33
 51648 | Depths:3 | Noticed a juggernaut
 51675 | Depths:3 | Killed a juggernaut
 51802 | Depths:3 | Identified the +0 leather armour of Hosuqash {rPois Slay+3} (You found it on level 3 of the Depths)
 52040 | Depths:4 | Noticed Vectris71's ghost (adept MiBe)
 52063 | Depths:4 | HP: 4/162 [spriggan air mage (7)]
 52066 | Depths:4 | Noticed Boris
 52069 | Depths:4 | HP: 7/162 [spriggan berserker/antimagic war axe (22)]
 52092 | Depths:4 | Reached skill level 21 in Dodging
 52583 | Depths:4 | Killed Boris
 52635 | Depths:4 | Reached XP level 25. HP: 131/168 MP: 34/34
 53379 | Depths:4 | Killed Vectris71's ghost
 53901 | Depths:4 | Found Igruof's Gadget Boutique.
 54060 | Depths:5 | Entered Level 5 of the Depths
 54145 | Depths:5 | Found a gate to the Realm of Zot.
 54699 | Depths:5 | Found Vuuluwkavva's Distillery.
 54732 | Depths:5 | Bought a potion of heal wounds for 85 gold pieces
 54732 | Depths:5 | Bought a potion of agility for 68 gold pieces
 54732 | Depths:5 | Bought 2 potions of heal wounds for 170 gold pieces
 54732 | Depths:5 | Bought a potion of agility for 68 gold pieces
 54732 | Depths:5 | Bought a potion of curing for 51 gold pieces
 54745 | Depths:5 | Found a gateway to a ziggurat.
 55499 | Vaults:5 | Killed an ancient lich
 55499 | Vaults:5 | Reached skill level 22 in Dodging
 55512 | Vaults:4 | Reached XP level 26. HP: 109/176 MP: 34/34
 55691 | Vaults:5 | Got a heavily runed lapis lazuli ring
 55750 | Vaults:5 | Identified the ring "Rivodghacsi" {rElec rF- rN+ Int+3 Stlth+} (You took it off a tengu reaver on level 5 of the Vaults)
 55810 | Vaults:5 | Got a wavering turquoise ring
 56060 | Vaults:5 | Identified the ring of Thoughtfulness {Fire rPois Slay+3} (You took it off a vault warden on level 5 of the Vaults)
 56264 | Vaults:5 | Got a silver rune of Zot
 57189 | Crypt:1  | Entered Level 1 of the Crypt
 57584 | Zot:1    | Entered Level 1 of the Realm of Zot
 59097 | Zot:2    | Reached XP level 27. HP: 154/183 MP: 34/34
 59332 | Zot:3    | Reached skill level 23 in Dodging
 59519 | Zot:2    | Slain by a storm dragon

Vault maps used:
D:1:      onia_arrival_handbag, serial_forest, infiniplex_forest_lined_3,
          infiniplex_forest_straight_2, infiniplex_forest_straight_3,
          infiniplex_forest_end_1, infiniplex_forest_end_3,
          infiniplex_forest_end_2, infiniplex_forest_lined_3,
          infiniplex_forest_straight_2, minmay_small_reverse_x
D:2:      kennysheep_big_flooded_room, lemuel_crystal_altar
D:3:      gup_sewer_entry_glass, mrwooster_statue_mirror,
          hangedman_decor_growths, wad_floor_pattern_2,
          minmay_misc_feat_columns, serial_bayou_crossing
D:4:      temple_pool_b, first_ration, chei_slow_surprise
D:6:      kennysheep_slug_shrine, uniq_menkaure, uniq_pikel
D:7:      kennysheep_six_static_rooms
D:8:      uniq_psyche, uniq_grum
D:9:      lemuel_flame_loot_2
D:10:     lair_entry_dummy, grunt_tengu_nest, minivault_15, eino_jars
D:12:     minmay_sliced_demisemicircle, basic_altar
D:13:     serial_shops, nicolae_shop_window_shopping, nicolae_shop_trees,
          nicolae_shop_behind_doors, shop, nicolae_shop_stone,
          kennysheep_generic_room_8, uniq_nessos
D:14:     grunt_vaults_entry_fortified,
          nicolae_gozag_cash_rules_everything_around_me, serial_shops,
          kennysheep_little_box, nicolae_shop_stone, grunt_decor_resistance,
          uniq_sonja
D:15:     grunt_enter_depths_hoard, serial_shops, shop,
          hangedman_decor_cross_pass
Lair:1:   infiniplex_staircase_pool_2, lemuel_fruit_fields,
          serial_bayou_shore_b, serial_bayou_shore_b
Lair:2:   spider_nest_entry_rubble, portal_ice_cave_entry_pillars_1, tgw_fedhas,
          grunt_megastairs_3, uniq_fannar
Lair:3:   dragon1_lemuel, nicolae_quartered_pool_super,
          minmay_lair_oklob_bushes, beast_lair_carwin_1, uniq_snorg,
          uniq_harold, uniq_gastronok, uniq_rupert
Lair:4:   swamp_mist, nicolae_volcano_entry_two_sided, serial_bayou_shore_a
Lair:5:   slime_dummy, special_room, grunt_forest_large_clearing_hut, uniq_kirke
Lair:6:   gammafunk_lair_ancient_temple, lemuel_fruit_fields
Swamp:1:  nicolae_swamp_dense_foliage
Swamp:2:  nicolae_swamp_godswood, swamp_pool3
Swamp:3:  nicolae_swamp_fairy_circle, uniq_mara
Swamp:4:  swamp_old_school, infiniplex_staircase_pool, uniq_donald
Spider:2: nicolae_orb_island, uniq_arachne
Spider:4: spider_rune_water
Orc:1:    serial_shops, shop
Orc:2:    pf_orc_diabolical, serial_shops, shop
Elf:1:    eino_elf_arrival_shootout, minivault_28, uniq_azrael
Elf:2:    serial_shops, shop
Elf:3:    minmay_elf_hall_dome, mu_enter_wizlab_7
Vaults:1: v_alt_pattern_5, v_misc_33, nicolae_vaults_big_ls, vaults_dpeg_ring,
          st_lines, nicolae_vaults_network_quincunx,
          nicolae_vaults_ninety_degrees, v_misc_24,
          nicolae_vaults_circle_grid_a, v_rooms_6, ontoclasm_vaults_fault,
          v_alt_pattern_1, nicolae_vaults_rhombus_6,
          ontoclasm_vaults_ring_small, ontoclasm_vaults_twist, serial_shops,
          bzr_entry_dummy, serial_hangedman_research,
          hangedman_research_metamorphosis
Vaults:2: nicolae_vaults_specimen_jars, vaults_dpeg_cross,
          nicolae_vaults_network_periphery, minmay_crypt_entry_necro_gods,
          dpeg_vaults_pockets_of_resistance, vaults_dpeg_diagonal,
          nicolae_vaults_little_squares_2, serial_shops, shop
Vaults:3: ontoclasm_vaults_misaligned, v_misc_14, nicolae_vaults_murderbox,
          vaults_standard_mumra_x, ontoclasm_vaults_chip
Vaults:4: v_rooms_5, vaults_mumra_chevron_long,
          nicolae_vaults_diagonal_hallway_9, vaults_room_fours,
          hangedman_vaults_maws, v_misc_29, vaults_standard_mumra_lines,
          v_misc_24, grunt_vaults_focal, nicolae_vaults_three_branches,
          vaults_room_grid, nicolae_vaults_diagonal_hallway_6, v_alt_pattern_4,
          ontoclasm_vaults_ligature
Crypt:1:  serial_sigils_hangedman_writhe, grunt_crypt_arrival_guarded_gate
Depths:1: abyss_entry, hell_entry, hangedman_abyss_or_decor_passed,
          nicolae_water_bricks, kennysheep_generic_room_14, minmay_shop_star
Depths:2: kennysheep_room_grid, hell_entry, serial_bayou_pond_c,
          kennysheep_doodads, uniq_enchantress
Depths:3: grunt_runaround, hell_entry, serial_shops, pan_entry
Depths:4: lemuel_castle_with_subvaults, serial_bayou, serial_bayou_lagoon_a,
          serial_bayou_shore_b, serial_bayou_pond_e, serial_bayou_ford_a,
          serial_shops, shop, marbit_kobold_abyss_entry, hell_entry, uniq_boris
Depths:5: grunt_x_marks_the_spot, enter_ziggurat_b, rand_demon_pan_entry_7,
          serial_shops, nicolae_shop_crystal, minmay_tree_intersection,
          hell_entry
Zot:1:    hangedman_zot_decor_scrapings
Zot:2:    hangedman_zot_vaults_quadrants
Zot:3:    kennysheep_oblong_rooms, st_large_dragon_hoard_4
Bazaar:   bazaar_jpeg_circle_common
Sewer:    kennysheep_sewer_church
IceCv:    ice_cave_small_necro
Volcano:  volcano_tomb
WizLab:   wizlab_cigotuvi

Skill      XL: |  1  2  3  4  5  6  7  8  9 10 11 12 13 14 15 16 17 18 19 20 21 22 23 24 25 26 27 |
---------------+----------------------------------------------------------------------------------+-----
Armour         | 1 2 3 4 5 6 7 8 9 10 12 13 14 15 16 17 18 19 20 | 20.8
Staves         | 4 5 6 8 10 | 10.8
Dodging        | 4 5 6 7 8 9 11 12 13 14 15 16 17 18 19 20 21 22 23 | 23.0
Fighting       | 3 4 5 6 7 8 10 11 13 14 15 16 17 18 19 20 21 | 21.7
Invocations    | 1 2 4 5 7 8 9 10 11 12 13 14 | 14.0
Bows           | 2 3 5 7 10 11 13 15 16 17 18 19 20 | 20.0
Maces & Flails | 5 10 11 12 13 14 | 14.3
Shields        | 1 4 |  4.0
Throwing       | |  2.0

Action                   |  1- 3 |  4- 6 |  7- 9 | 10-12 | 13-15 | 16-18 | 19-21 | 22-24 | 25-27 || total
-------------------------+-------+-------+-------+-------+-------+-------+-------+-------+-------++-------
Melee: Quarterstaff      |    99 |   153 |   241 |   111 |       |       |       |       |       ||   604
       Peck              |    10 |    17 |    38 |   176 |   267 |   299 |   396 |   256 |   228 ||  1687
       Kick              |    25 |    28 |    67 |   226 |   368 |   428 |   621 |   375 |   396 ||  2534
       Demon whip        |       |       |       |   620 |  1130 |  1211 |  1391 |   806 |   741 ||  5899
       Longbow           |       |       |       |       |       |     1 |       |       |     1 ||     2
       Lajatang          |       |       |       |       |       |       |       |    10 |       ||    10
 Fire: Shortbow          |       |       |       |   128 |   310 |       |       |       |       ||   438
       Longbow           |       |       |       |       |       |   524 |   235 |   975 |   785 ||  2519
Throw: Throwing net      |       |       |       |       |     4 |       |       |       |       ||     4
Invok: Lesser Servant of |       |       |       |     1 |    11 |     8 |    28 |    21 |     5 ||    74
       Minor Destruction |       |       |       |       |     3 |     1 |       |       |       ||     4
       Greater Servant o |       |       |       |       |       |     2 |     3 |     4 |     4 ||    13
       Major Destruction |       |       |       |       |       |       |       |     4 |     1 ||     5
 Abil: Evoke Berserk Rag |       |     3 |     3 |     3 |     4 |       |       |       |       ||    13
       Fly               |       |       |       |       |       |     1 |       |       |       ||     1
Evoke: Wand              |       |       |     2 |    17 |    14 |    30 |     5 |       |       ||    68
  Use: Potion            |       |     7 |     8 |    10 |    15 |     6 |     5 |    10 |     3 ||    64
       Scroll            |       |       |     9 |     9 |    14 |    18 |    15 |    22 |    11 ||    98
 Stab: Invisible         |       |       |     5 |       |     2 |       |       |     4 |       ||    11
       Distracted        |       |       |       |       |     2 |     1 |     5 |     4 |     1 ||    13
       Sleeping          |       |       |       |       |       |       |       |     2 |       ||     2
       Confused          |       |       |       |       |       |       |       |     1 |       ||     1
  Eat: Chunk             |     1 |     7 |     9 |    22 |    17 |    21 |    23 |     8 |     7 ||   115
       Ration            |       |       |     1 |     3 |     5 |    10 |     1 |     5 |     4 ||    29
Armor: Leather armour    |     2 |       |       |       |       |       |       |       |       ||     2
       Ring mail         |    25 |    59 |    48 |       |       |       |       |    91 |       ||   223
       Chain mail        |       |       |    20 |    26 |       |       |       |       |       ||    46
       Plate armour      |       |       |       |   255 |   152 |   565 |   438 |    22 |       ||  1432
       Scale mail        |       |       |       |       |   225 |       |       |       |       ||   225
       Acid dragon scale |       |       |       |       |       |       |       |   132 |    54 ||   186
       Gold dragon scale |       |       |       |       |       |       |       |       |   325 ||   325
Dodge: Dodged            |    44 |   146 |   134 |   244 |   540 |  1166 |  1017 |  1051 |   882 ||  5224
Block: Buckler           |       |       |       |       |       |   133 |   137 |    89 |    22 ||   381
       Reflection        |       |       |       |       |       |       |    12 |     3 |       ||    15

Table legend:
 A = Spawn XP
 B = Non-spawn XP
 C = Spawn XP percentage of total XP
 D = Spawn monster count
 E = Non-spawn monster count
 F = Spawn count percentage of total count
 G = Total turns spent on level
                    A         B        C        D         E        F      G
               +---------+---------+-------+---------+---------+-------+---------
         Total |       0 | 1279010 |   0.0 |       0 |    2284 |   0.0 | 59519
               +---------+---------+-------+---------+---------+-------+---------
           D:1 |       0 |      65 |   0.0 |       0 |      34 |   0.0 |   907
           D:2 |       0 |      87 |   0.0 |       0 |      27 |   0.0 |   837
           D:3 |       0 |     126 |   0.0 |       0 |      34 |   0.0 |   741
           D:4 |       0 |     585 |   0.0 |       0 |      23 |   0.0 |   716
           D:5 |       0 |     835 |   0.0 |       0 |      11 |   0.0 |   731
           D:6 |       0 |    2180 |   0.0 |       0 |      26 |   0.0 |   696
           D:7 |       0 |    2476 |   0.0 |       0 |      31 |   0.0 |  1734
           D:8 |       0 |    1011 |   0.0 |       0 |      11 |   0.0 |  1030
           D:9 |       0 |    3922 |   0.0 |       0 |      33 |   0.0 |  1324
          D:10 |       0 |    6037 |   0.0 |       0 |      49 |   0.0 |  1624
          D:11 |       0 |    4025 |   0.0 |       0 |      27 |   0.0 |  1187
          D:12 |       0 |   16124 |   0.0 |       0 |      49 |   0.0 |  1139
          D:13 |       0 |   11771 |   0.0 |       0 |      38 |   0.0 |  1769
          D:14 |       0 |   17111 |   0.0 |       0 |      45 |   0.0 |  1298
          D:15 |       0 |   12617 |   0.0 |       0 |      25 |   0.0 |   970
        Lair:1 |       0 |    3983 |   0.0 |       0 |      23 |   0.0 |   897
        Lair:2 |       0 |    3825 |   0.0 |       0 |      13 |   0.0 |  1177
        Lair:3 |       0 |   14142 |   0.0 |       0 |      30 |   0.0 |  1543
        Lair:4 |       0 |    2204 |   0.0 |       0 |      12 |   0.0 |  1073
        Lair:5 |       0 |   19053 |   0.0 |       0 |      61 |   0.0 |  1233
        Lair:6 |       0 |   16763 |   0.0 |       0 |      54 |   0.0 |  1550
       Swamp:1 |       0 |    6309 |   0.0 |       0 |      25 |   0.0 |   745
       Swamp:2 |       0 |    6861 |   0.0 |       0 |      18 |   0.0 |   476
       Swamp:3 |       0 |   16368 |   0.0 |       0 |      28 |   0.0 |   806
       Swamp:4 |       0 |   23536 |   0.0 |       0 |      40 |   0.0 |  1062
      Spider:1 |       0 |   10262 |   0.0 |       0 |      28 |   0.0 |   704
      Spider:2 |       0 |   24419 |   0.0 |       0 |      43 |   0.0 |  1957
      Spider:3 |       0 |   18194 |   0.0 |       0 |      41 |   0.0 |   650
      Spider:4 |       0 |   26927 |   0.0 |       0 |      67 |   0.0 |  1012
         Orc:1 |       0 |    2030 |   0.0 |       0 |      30 |   0.0 |   679
         Orc:2 |       0 |   19978 |   0.0 |       0 |      87 |   0.0 |  1684
         Elf:1 |       0 |   27003 |   0.0 |       0 |      48 |   0.0 |  1098
         Elf:2 |       0 |   35216 |   0.0 |       0 |      47 |   0.0 |  1235
         Elf:3 |       0 |   34428 |   0.0 |       0 |      35 |   0.0 |  1493
      Vaults:1 |       0 |   50494 |   0.0 |       0 |      88 |   0.0 |  2215
      Vaults:2 |       0 |   50330 |   0.0 |       0 |      73 |   0.0 |  1961
      Vaults:3 |       0 |   46275 |   0.0 |       0 |      97 |   0.0 |  1686
      Vaults:4 |       0 |   73524 |   0.0 |       0 |      82 |   0.0 |  2364
      Vaults:5 |       0 |  125526 |   0.0 |       0 |      98 |   0.0 |  1510
       Crypt:1 |       0 |    3985 |   0.0 |       0 |      16 |   0.0 |    97
      Depths:1 |       0 |   32965 |   0.0 |       0 |      44 |   0.0 |  1010
      Depths:2 |       0 |   64720 |   0.0 |       0 |      76 |   0.0 |  1341
      Depths:3 |       0 |  129536 |   0.0 |       0 |     133 |   0.0 |  2026
      Depths:4 |       0 |  118732 |   0.0 |       0 |     127 |   0.0 |  2073
      Depths:5 |       0 |   57774 |   0.0 |       0 |      50 |   0.0 |   963
         Zot:1 |       0 |   39044 |   0.0 |       0 |      23 |   0.0 |  1069
         Zot:2 |       0 |   32295 |   0.0 |       0 |      22 |   0.0 |   519
         Zot:3 |       0 |   24856 |   0.0 |       0 |      15 |   0.0 |   347
         Sewer |       0 |     634 |   0.0 |       0 |      26 |   0.0 |   529
         IceCv |       0 |    6169 |   0.0 |       0 |      54 |   0.0 |   650
       Volcano |       0 |    4242 |   0.0 |       0 |      12 |   0.0 |   422
        WizLab |       0 |   27436 |   0.0 |       0 |      55 |   0.0 |   835
               +---------+---------+-------+---------+---------+-------+---------
